 Dungeon Crawl Stone Soup version 0.30-a0-1160-g6e42c06551 (webtiles) character file.

Game seed: 3769701750559051240

13 xian the Vexing (level 2, -1/31 HPs)
             Began as a Demonspawn Hexslinger on Apr 27, 2023.
             Slain by a kobold
             ... wielding a +0 dagger of venom
              (2 damage)
             ... on level 1 of the Dungeon.
             The game lasted 00:01:48 (662 turns).

xian the Vexing (Demonspawn Hexslinger)              Turns: 662, Time: 00:01:49

Health: -1/31      AC: 21    Str: 10    XL:     2   Next: 24%
Magic:  3/3        EV:  2    Int: 14    God:
Gold:   13         SH:  0    Dex: 13    Spells: 2/3 levels left

rFire   . . .        j - +1 sling
rCold   . . .        (no shield)
rNeg    . . .        i - melded +0 ring mail
rPois   +            (helmet currently unavailable)
rElec   .            (cloak currently unavailable)
rCorr   .            (gloves currently unavailable)
SInv    .            (boots currently unavailable)
Will    .....        (no amulet)
Stlth   +            (no ring)
HPRegen 0.25/turn    (no ring)
MPRegen 0.16/turn

%: no passive effects
@: lethally poisoned (-1 -> -7), tree-form
A: stationary, stasis, torment immunity, boosted hp, magic regeneration
a: no special abilities


You were on level 1 of the Dungeon.
You were a tree.
You visited 1 branch of the dungeon, and saw 2 of its levels.

You collected 13 gold pieces.

Inventory:

Hand Weapons
 e - a +0 club
 j - a +1 sling (weapon)
Armour
 c - a +0 robe
 i - a +0 ring mail (melded)
Scrolls
 b - a scroll of poison
 f - a scroll of noise {unknown}
 h - a scroll of identify {unknown}
Potions
 a - a potion of flight {unknown}
 g - a potion of heal wounds {unknown}


   Skills:
 + Level 1.1 Fighting
 + Level 2.2 Ranged Weapons
 * Level 0.1 Armour
 + Level 1.7 Dodging
 + Level 1.0 Spellcasting
 + Level 3.2 Hexes


You had 2 spell levels left.
You knew the following spells:

 Your Spells              Type           Power      Damage    Failure   Level
a - Slow                  Hex            36%        N/A       7%          1

Your spell library contained the following spells:

 Spells                   Type           Power      Damage    Failure   Level
 Inner Flame              Hex/Fire       5%         N/A       38%         3
 Portal Projectile        Hex/Tloc       10%        N/A       38%         3
 Cause Fear               Hex            4%         N/A       56%         4


Dungeon Overview and Level Annotations

Branches:
Dungeon (2/15)

Altars:


Innate Abilities, Weirdness & Mutations

You are a tree.
Your roots penetrate the ground, keeping you stationary.
You cannot be teleported.
You are immune to unholy pain and torment.
Your maximum health is greatly increased.
Your equipment is partially melded.
You regenerate magic rapidly.


Message History

You are poisoned.
You shoot a sling bullet. The adder hisses angrily.
The sling bullet hits the kobold but does no damage.
You feel very sick. The kobold closely misses you.
You shoot a sling bullet. The sling bullet hits the kobold.
The kobold is heavily wounded.
You feel sick.
The kobold hits you with a +0 dagger of venom.
You are more poisoned.
The kobold hits you but does no damage.
You are lethally poisoned!
You feel very sick. The kobold closely misses you.
You climb upwards.
You feel very sick.
There is a stone staircase leading down here.
Unknown command.
It was a potion of lignification.
You turn into a tree.
Your +0 ring mail melds into your body.
Your roots penetrate the ground.
* * * LOW HITPOINT WARNING * * *
You feel very sick. The kobold hits you but does no damage.
Okay, then.
You shoot a sling bullet.
The sling bullet closely misses the kobold.
You feel sick. The kobold hits you but does no damage.
You are lethally poisoned!
You shoot a sling bullet.
The sling bullet barely misses the kobold.
* * * LOW HITPOINT WARNING * * *
You feel very sick. The kobold hits you but does no damage.
You shoot a sling bullet.
The sling bullet barely misses the kobold.
* * * LOW HITPOINT WARNING * * *
You feel very sick.
The kobold hits you with a +0 dagger of venom.
You die...

####.###.......# ####
#......#.......#######...
######......#.................
#...........##................
#...........#.................
#...........#..############...
######......#..# ####
#....'......#..###### #..
#.####......#♣K.....########..
#.# #......#######.##....##..
#.# #......# #.##....##.. #.#
#......# #.##....##..
#.####......# ####.##........
#.......##### #.....#........
#######.# #..............
#....#.# #..............
#.##.#.###### #.....#........


You could see a kobold.

Vanquished Creatures
  A dart slug (D:1)
  An endoplasm (D:1)
  A goblin (D:1)
  2 hobgoblins
  A quokka (D:1)
  A ball python (D:1)
  2 bats (D:1)
  A rat (D:1)
10 creatures vanquished.

Notes
Turn   | Place    | Note
-------+----------+-------------------------------------------
     0 | D:1      | xian the Demonspawn Hexslinger began the quest for the Orb.
     0 | D:1      | Reached XP level 1. HP: 15/15 MP: 2/2
   100 | D:1      | Gained mutation: You regenerate magic rapidly. [demonic
                  | ancestry]
   100 | D:1      | Reached XP level 2. HP: 21/21 MP: 3/3
   662 | D:1      | HP: 1/31 [poisoned by a kobold]
   662 | D:1      | Slain by a kobold

Illustrated notes

Levels and vault maps discovered:
D:1:      reono_arrival_mine, layout_basic, reono_crystal_passage,
          chequers_serial_rivers_room_b
D:2:      layout_loops_ring, nicolae_titane, uniq_robin, uniq_crazy_yiuf_cottage

Skill      XL: |  1 |
---------------+----+-----
Ranged Weapons | 2 |  2.2
Fighting       | |  1.1
Armour         | |  0.1
Dodging        | |  1.7
Spellcasting   | |  1.0
Hexes          | |  3.2

Action                     || total
---------------------------++-------
  Melee: Club              ||     2
   Fire: Sling             ||    32
   Cast: Slow              ||     2
    Use: Potion            ||     1
 Armour: Robe              ||     9
         Ring mail         ||     5
         Skin              ||     3
  Dodge: Dodged            ||    15

Table legend: (Time is in decaauts)
 A = Elapsed time spent in this place.
 B = Non-inter-level travel time spent in this place.
 C = Inter-level travel time spent in this place.
 D = Time resting spent in this place.
 E = Time spent auto-exploring this place.
 F = Levels seen in this place.
 G = Mean time per level.
                   A        B        C        D        E       F      G
               +--------+--------+--------+--------+--------+-----+--------+
         Total |    674 |    627 |     47 |      0 |    505 |   2 |  337.0 |
       Dungeon |    674 |    627 |     47 |      0 |    505 |   2 |  337.0 |
               +--------+--------+--------+--------+--------+-----+--------+

Top non-repeatable levels by time:
     D:1: 666 daAuts
     D:2: 8 daAuts
